 Dungeon Crawl Stone Soup version 0.29.1-1-gd02db6906a (webtiles) character file.

Game seed: 15375109312631344262

12037 keekatzer the Transmogrifier (level 11, -4/127 HPs)
             Began as a Troll Transmuter on Sept 23, 2022.
             Was an Elder of Elyvilon.
             Slain by a komodo dragon (13 damage)
             ... on level 2 of the Lair of Beasts on Sept 24, 2022.
             The game lasted 00:34:47 (4767 turns).

keekatzer the Transmogrifier (Troll Transmuter)     Turns: 4767, Time: 00:34:48

Health: -4/127     AC:  7    Str: 22    XL:     11   Next: 57%
Magic:  5/14       EV: 13    Int:  9    God:    Elyvilon [****..]
Gold:   276        SH:  0    Dex: 22    Spells: 9/16 levels left

rFire   x . .      SeeInvis .     - Unarmed
rCold   + + +      Faith    .   (shield currently unavailable)
rNeg    . . .      Spirit   .   (body armour currently unavailable)
rPois   +          Reflect  .   (helmet currently unavailable)
rElec   .          Harm     .   (cloak currently unavailable)
rCorr   .          Rampage  .   (gloves unavailable)
Will    .....                   (boots unavailable)
Stlth   ++........              l - amulet "Qochehyi" {+Blink rC+ Regen+ Dex+4}
HPRegen 1.91/turn               c - ring of poison resistance
MPRegen 0.14/turn               E - +6 ring of dexterity

@: ice-form (expiring)
A: freezing attack, amphibious, boosted hp, large, unfitting armour, (claws 3),
regeneration 1, (shaggy fur 1), (tough skin 1)
a: End Transformation, Renounce Religion, Evoke Blink, Purification, Heal Other,
Heal Self


You were on level 2 of the Lair of Beasts.
You worshipped Elyvilon.
Elyvilon was greatly pleased with you.
You were a creature of crystalline ice.
You visited 3 branches of the dungeon, and saw 13 of its levels.

You collected 441 gold pieces.
You spent 165 gold pieces at shops.

Inventory:

Missiles
 L - a throwing net
Armour
 n - +0 steam dragon scales (melded)
 F - a +0 cloak of poison resistance (melded)
 I - a +1 hat of stealth (melded)
Magical Staves
 K - a staff of cold (melded)
Jewellery
 c - a ring of poison resistance (left front paw)
 l - the amulet "Qochehyi" (around neck) {+Blink rC+ Regen+ Dex+4}
   (You found it on level 4 of the Dungeon)

   [amulet of regeneration]

   Dex:       It affects your dexterity (+4).
   rC:        It protects you from cold.
   +Blink:    It lets you blink.
   Regen:     It increases your rate of health regeneration.
 E - a +6 ring of dexterity (right front paw)
 O - a ring of willpower
Wands
 i - a wand of iceblast (22)
 u - a wand of paralysis (12)
 C - a wand of mindburst (17)
 H - a wand of polymorph (13)
 J - a wand of digging (6)
Scrolls
 a - a scroll of identify
 f - a scroll of brand weapon
 g - a scroll of amnesia
 j - 2 scrolls of poison
 k - a scroll of fear
 m - 3 scrolls of immolation {unknown}
 r - 2 scrolls of vulnerability
 t - a scroll of magic mapping {unknown}
 y - 2 scrolls of teleportation {unknown}
 D - 2 scrolls of enchant weapon {unknown}
 G - 2 scrolls of enchant armour {unknown}
Potions
 b - a potion of lignification
 h - a potion of brilliance
 o - a potion of cancellation
 p - 4 potions of might {unknown}
 q - 5 potions of heal wounds {unknown}
 s - a potion of resistance
 v - 2 potions of flight
 w - 3 potions of curing
 x - 3 potions of attraction
 z - a potion of berserk rage
 A - a potion of mutation
 B - 2 potions of haste {unknown}
 M - a potion of invisibility {unknown}


   Skills:
 + Level 6.3 Fighting
 - Level 5.8 Dodging
 - Level 7.4 Unarmed Combat
 - Level 3.0 Spellcasting
 * Level 9.1 Transmutations
 - Level 5.0 Ice Magic


You had 9 spell levels left.
You knew the following spells:

 Your Spells              Type           Power      Damage    Failure   Level
a - Beastly Appendage     Tmut           34%        N/A       1%          1
b - Wereblood             Tmut           17%        N/A       1%          2
c - Ice Form              Ice/Tmut       14%        N/A       16%         4

Your spell library contained the following spells:

 Spells                   Type           Power      Damage    Failure   Level
 Spider Form              Tmut/Pois      9%         N/A       14%         3
 Magic Dart               Conj           4%         1d3       30%         1
 Slow                     Hex            4%         N/A       30%         1
 Call Imp                 Summ           1%         N/A       41%         2
 Confusing Touch          Hex            1%         N/A       65%         3
 Dazzling Flash           Conj/Hex       2%         N/A       65%         3
 Mephitic Cloud           Conj/Pois/Air  1%         N/A       65%         3
 Vampiric Draining        Necr           1%         2d6       65%         3
 Fulminant Prism          Conj/Hex       0%         3d6       96%         4
 Iskenderun's Mystic Bla  Conj/Tloc      1%         2d3       96%         4
 Lee's Rapid Deconstruct  Erth           0%         3d5*      100%        5
 Starburst                Conj/Fire      0%         6d3       100%        6


Dungeon Overview and Level Annotations

Branches:
Dungeon (9/15)             Temple (1/1) D:4            Lair (3/5) D:9
  Swamp: Lair:2-3    Shoals: Lair:2-3     Snake: Lair:2-3    Spider: Lair:2-3
    Orc: D:9-12

Altars:
Ashenzari
Cheibriados
Dithmenos
Elyvilon
Fedhas
Hepliaklqana
Makhleb
Nemelex Xobeh
Okawaru
Qazlal
Ru
Sif Muna
Trog
Uskayaw
Xom
Yredelemnul
The Shining One

Shops:
D:5 *[   D:6 !


Innate Abilities, Weirdness & Mutations

You are a creature of crystalline ice.
You have a powerful freezing melee attack.
You are amphibious.
Your maximum health is increased.
Your armour is entirely melded.
You are incapable of wielding weapons or throwing items.
You are too large for most types of armour.
((You have claws for hands.))
Your natural rate of healing is unusually fast.
((You are covered in fur. (AC +1)))
((You have tough skin. (AC +1)))


Message History

You freeze the komodo dragon.
The komodo dragon is severely wounded.
A komodo dragon comes into view.
The komodo dragon bites you!! Elyvilon protects you from harm!
The komodo dragon hisses angrily.
You pummel the komodo dragon!!
The komodo dragon seems to slow down.
You freeze the komodo dragon.
You kill the komodo dragon!
You are healed.
The komodo dragon closely misses you.
Unknown command.
You punch the komodo dragon! You freeze the komodo dragon.
The komodo dragon is heavily wounded.
The komodo dragon barely misses you.
You pummel the komodo dragon!!
The komodo dragon seems to slow down.
You freeze the komodo dragon.
The komodo dragon is almost dead.
The komodo dragon bites you!!
* * * LOW HITPOINT WARNING * * *
You pummel the komodo dragon!! You freeze the komodo dragon.
You kill the komodo dragon!
The komodo dragon bites you.
* * * LOW HITPOINT WARNING * * *
You barely miss the komodo dragon.
Your transformation is almost over.
The komodo dragon bites you!
* * * LOW HITPOINT WARNING * * *
The komodo dragon bites you!
* * * LOW HITPOINT WARNING * * *
You are healed.
The komodo dragon closely misses you. The komodo dragon bites you!
* * * LOW HITPOINT WARNING * * *
You are healed.
You can no longer call upon Elyvilon for divine vigour.
The komodo dragon bites you!!
* * * LOW HITPOINT WARNING * * *
The komodo dragon misses you.
You fail to use your ability.
The komodo dragon closely misses you. The komodo dragon bites you!
You die...

....#.....#..#
..#..#.......###
..P...P..†.....#.
^........<.......###
.........##.##.#...####...
..........#....##....#...
..##......#...<#...#.....
..P##.P..##....l.........
...###......####Y###...##
.### #.......#.##ll#.#..#
#### .#
#...............>.##.....
##
#........l...............
#....P.....##....>$...P..
#.......l#######.#.......
###..#.##### #P#......#..
#........# #.l.......#
###......###§........#


You could see 3 komodo dragons.

Vanquished Creatures
  Gastronok (D:8)
  Erica (D:8)
  A deep elf pyromancer (D:8)
  Maggie (D:8)
  A cane toad (Lair:2)
  A kobold demonologist (D:6)
  4 komodo dragons (Lair:2)
  Prince Ribbit (D:8)
  2 wyverns
  22 yaks
  A steam dragon (D:8)
  8 water moccasins
  2 orc warriors
  2 sky beasts (D:7)
  3 black bears
  An ice beast (D:5)
  5 wolves (Lair:1)
  2 centaurs
  2 ogres (D:5)
  Blork the orc (D:5)
  3 kobold brigands
  5 bullfrogs
  A scorpion (D:4)
  12 wights
  2 howler monkeys
  An iron imp (D:8)
  2 orc priests (D:9)
  Crazy Yiuf (D:7)
  3 jellies
  A gnoll bouda (D:8)
  2 hounds
  11 orc wizards
  An iguana (D:6)
  4 adders
  8 gnolls
  3 shadow imps
  A white imp (D:6)
  3 ufetubi
  A dart slug (D:4)
  25 orcs
  3 endoplasms
  2 giant cockroaches
  A goblin (D:3)
  3 hobgoblins
  15 kobolds
  A quokka (D:4)
  4 ball pythons
  A frilled lizard (D:1)
  3 rats
185 creatures vanquished.

Vanquished Creatures (others)
  A fungus (Lair:2)
  17 plants
18 creatures vanquished.

Grand Total: 203 creatures vanquished

Notes
Turn   | Place    | Note
-------+----------+-------------------------------------------
     0 | D:1      | keekatzer the Troll Transmuter began the quest for the Orb.
     0 | D:1      | Reached XP level 1. HP: 18/18 MP: 1/1
   164 | D:3      | Noticed a jelly
   168 | D:3      | Reached XP level 2. HP: 26/26 MP: 0/3
   175 | D:3      | Reached skill level 2 in Transmutations
   175 | D:3      | Reached XP level 3. HP: 15/32 MP: 0/4
   235 | D:4      | Learned a level 2 spell: Wereblood
   340 | D:4      | Identified the amulet "Qochehyi" {+Blink rC+ Regen+ Dex+4}
   364 | D:4      | Noticed a wight
   365 | D:4      | Noticed a wight
   366 | D:4      | Noticed a wight
   366 | D:4      | Noticed a wight
   372 | D:4      | Killed a wight
   373 | D:4      | Reached skill level 3 in Transmutations
   373 | D:4      | Reached XP level 4. HP: 37/40 MP: 4/6
   379 | D:4      | Reached XP level 5. HP: 28/46 MP: 4/7
   383 | D:4      | Reached skill level 4 in Transmutations
   387 | D:4      | Reached XP level 6. HP: 30/54 MP: 5/8
   480 | D:4      | Learned a level 4 spell: Ice Form
   563 | D:4      | Found a staircase to the Ecumenical Temple.
   576 | Temple   | Entered the Ecumenical Temple
   742 | Temple   | Became a worshipper of Elyvilon the Healer
   819 | D:4      | Found a hide-covered altar of Uskayaw.
   819 | D:4      | Noticed a +0 dagger
   819 | D:4      | Noticed a +0 spear
   819 | D:4      | Noticed a +0 short sword
   819 | D:4      | Noticed a +0 falchion
   820 | D:4      | Noticed a +0 falchion
   820 | D:4      | Noticed a +0 short sword
   820 | D:4      | Noticed a +0 dagger
   820 | D:4      | Noticed a +0 spear
   929 | D:4      | Reached skill level 1 in Ice Magic
   946 | D:4      | Found a glowing golden altar of the Shining One.
  1022 | D:4      | Reached XP level 7. HP: 58/61 MP: 9/9
  1102 | D:5      | Entered Level 5 of the Dungeon
  1102 | D:5      | Found a large runed translucent door.
  1109 | D:5      | Found a large runed translucent door.
  1173 | D:5      | Found a blossoming altar of Fedhas.
  1176 | D:5      | Found a burning altar of Makhleb.
  1215 | D:5      | Noticed Blork the orc
  1224 | D:5      | Killed Blork the orc
  1244 | D:5      | Found Dyzuot's CLEARANCE SALE!.
  1273 | D:5      | Found Balolaen's Armour Emporium.
  1303 | D:5      | Reached skill level 5 in Transmutations
  1471 | D:5      | Reached * piety under Elyvilon
  1810 | D:6      | Found Pask's Distillery.
  1813 | D:6      | Bought a potion of flight for 33 gold pieces
  1813 | D:6      | Bought a potion of curing for 33 gold pieces
  1813 | D:6      | Bought a potion of attraction for 33 gold pieces
  1813 | D:6      | Bought a potion of berserk rage for 55 gold pieces
  1813 | D:6      | Bought a potion of degeneration for 11 gold pieces
  1823 | D:6      | Reached skill level 1 in Fighting
  1832 | D:6      | Noticed a kobold demonologist
  1859 | D:6      | Killed a kobold demonologist
  1860 | D:6      | Reached XP level 8. HP: 44/70 MP: 2/11
  1980 | D:6      | Reached ** piety under Elyvilon
  2371 | D:6      | Reached *** piety under Elyvilon
  2703 | D:7      | Found a runed translucent door.
  2704 | D:7      | Noticed Crazy Yiuf
  2712 | D:7      | Killed Crazy Yiuf
  2778 | D:7      | Reached XP level 9. HP: 80/80 MP: 12/12
  2906 | D:7      | Found a shimmering altar of Xom.
  2913 | D:7      | Reached skill level 5 in Ice Magic
  2994 | D:7      | Reached skill level 5 in Unarmed Combat
  3035 | D:7      | Reached skill level 6 in Transmutations
  3044 | D:7      | Found a stormy altar of Qazlal.
  3168 | D:8      | Noticed Prince Ribbit
  3173 | D:8      | Reached **** piety under Elyvilon
  3176 | D:8      | Killed Prince Ribbit
  3191 | D:8      | Found a snail-covered altar of Cheibriados.
  3220 | D:8      | Noticed Gastronok
  3242 | D:8      | Killed Gastronok
  3243 | D:8      | Reached XP level 10. HP: 41/93 MP: 10/13
  3292 | D:8      | Noticed a deep elf pyromancer
  3300 | D:8      | Killed a deep elf pyromancer
  3432 | D:8      | Reached skill level 7 in Transmutations
  3491 | D:8      | Reached skill level 5 in Dodging
  3552 | D:8      | Reached skill level 5 in Fighting
  3572 | D:8      | Found a basalt altar of Yredelemnul.
  3600 | D:8      | Noticed Erica
  3612 | D:8      | Killed Erica
  3655 | D:8      | Noticed Maggie
  3666 | D:8      | Killed Maggie
  3749 | D:8      | Reached XP level 11. HP: 102/104 MP: 14/14
  3777 | D:8      | Reached skill level 8 in Transmutations
  3944 | D:9      | Found a staircase to the Lair.
  4182 | D:9      | Reached ***** piety under Elyvilon
  4470 | Lair:1   | Entered Level 1 of the Lair of Beasts
  4659 | Lair:3   | Noticed a five-headed hydra
  4737 | Lair:2   | HP: 2/126 [komodo dragon (22)]
  4755 | Lair:2   | Reached skill level 9 in Transmutations
  4758 | Lair:2   | Elyvilon protects you from harm!
  4764 | Lair:2   | HP: 6/127 [komodo dragon (15)]
  4767 | Lair:2   | Slain by a komodo dragon

Illustrated notes

Levels and vault maps discovered:
D:1:      dpeg_arrival_pond, layout_rooms, hellmonk_ecumenical_altar_lost_god
D:2:      layout_basic, chequers_serial_rivers_room_a
D:3:      layout_rooms, grunt_gozag_breadcrumbs, chequers_garden,
          minmay_statues_item, grunt_ministairs_6, minivault_26
D:4:      layout_loops_ring, nicolae_uskayaw_en_pointe,
          mainiacjoe_overflow_chevrons, minmay_temple_entry_drinking_statues
D:5:      layout_loops_ring, jmf_multi_god_temple2, serial_shops,
          nicolae_shop_crystal, nicolae_shop_clearance, uniq_blork_the_orc
D:6:      layout_layer_cave, minmay_misc_feat_encased, nicolae_stop_n_shop_2
D:7:      layout_basic, st_stairs_3, hangedman_feature_mirror,
          minmay_a_box_with_orc_wizards_in_it, uniq_crazy_yiuf_cottage
D:8:      layout_loops_ring, mainiacjoe_overflow_alcove_1, slow_altar_1,
          guppyfry_early_elven_hall, uniq_gastronok, uniq_erica, uniq_maggie,
          uniq_prince_ribbit1
D:9:      layout_roguey, dpeg_oklobed_lair
Temple:   bh_familiar_temple
Lair:1:   layout_cellular_growth
Lair:2:   layout_misc_corridors, palyth_hydra_swamp_entry,
          nicolae_spider_entry_tight_spaces, beast_lair_carwin_7
Lair:3:   layout_cave_shapes, portal_ice_cave_entry_pillars_1

Skill      XL: |  1  2  3  4  5  6  7  8  9 10 11 |
---------------+----------------------------------+-----
Transmutations | 2 3 4 5 6 7 9 |  9.1
Spellcasting   | 2 3 |  3.0
Ice Magic      | 1 3 4 5 |  5.0
Fighting       | 1 2 4 5 6 |  6.3
Dodging        | 2 4 5 |  5.8
Unarmed Combat | 4 6 7 |  7.4

Action                   |  1- 3 |  4- 6 |  7- 9 | 10-12 || total
-------------------------+-------+-------+-------+-------++-------
Melee: Unarmed           |    51 |    67 |   252 |   252 ||   622
       Headbutt          |     4 |     1 |     6 |     2 ||    13
       Punch             |     2 |       |     8 |     4 ||    14
       Kick              |     3 |    11 |    13 |     4 ||    31
       Staff             |       |       |       |     1 ||     1
 Cast: Beastly Appendage |     3 |     2 |     8 |     2 ||    15
       Wereblood         |       |       |     3 |     9 ||    12
       Ice Form          |       |       |     5 |    11 ||    16
Invok: Heal Self         |       |       |       |     4 ||     4
 Abil: Evoke Blink       |       |       |       |     1 ||     1
  Use: Scroll            |       |       |       |     9 ||     9
 Stab: Sleeping          |       |       |     3 |     2 ||     5
       Distracted        |       |       |       |     1 ||     1
Armor: Robe              |     9 |    17 |    52 |     1 ||    79
       Skin              |       |       |    10 |    25 ||    35
       Steam dragon scal |       |       |       |     6 ||     6
Dodge: Dodged            |    19 |    24 |   159 |   152 ||   354
